 Dungeon Crawl Stone Soup version 0.31.0-32-g396128a36d (webtiles) character file.

Game seed: 14765688488902836525

69468 PaiMei the Lord of Darkness (level 14, -13/118 HPs)
             Began as a Demonspawn Necromancer on Mar 25, 2024.
             Was the Champion of Kikubaaqudgha.
             Mangled by a meliai simulacrum (16 damage)
             ... on level 14 of the Dungeon.
             The game lasted 01:06:53 (38826 turns).

PaiMei the Lord of Darkness (DsNe)                 Turns: 38826, Time: 01:06:53

Health: -13/118    AC: 11    Str: 10    XL:     14   Next: 90%
Magic:  7/30       EV: 20    Int: 26    God:    Kikubaaqudgha [******]
Gold:   1645       SH:  5    Dex: 13    Spells: 8/38 levels left

rFire   . . .        j - +8 short sword "Bycwilui" {freeze, SInv}
rCold   . . .        (no shield)
rNeg    . . .        H - +0 troll leather armour
rPois   .            V - +0 helmet
rElec   .            R - +2 cloak
rCorr   .            (gloves unavailable)
SInv    +            J - +2 pair of boots
Will    +....        e - amulet of reflection
Stlth   ++           w - ring of wizardry
HPRegen 1.19/turn    K - +5 ring of evasion
MPRegen 0.22/turn

%: reflection, wizardry (x2)
@: lethally poisoned (-13 -> -20)
A: claws 3, demonic guardian 1, ignite blood 2, big brain 3
a: Renounce Religion, Unearth Wretches, Torment, Brand Weapon With Pain, Receive
Forbidden Knowledge


You were on level 14 of the Dungeon.
You worshipped Kikubaaqudgha.
Kikubaaqudgha was exalted by your worship.
You visited 3 branches of the dungeon, and saw 20 of its levels.
You also visited: Ossuary and Bailey.

You collected 1781 gold pieces.
You spent 136 gold pieces at shops.

Inventory:

Hand Weapons
 j - the +8 short sword "Bycwilui" (weapon) {freeze, SInv}
   (You found it on level 4 of the Lair of Beasts)

   SInv:      It lets you see invisible.
 X - a +2 trident of draining
Missiles
 y - 5 atropa-tipped darts (quivered)
 L - 12 curare-tipped darts
 S - 6 throwing nets
Armour
 u - a +0 kite shield
 H - a +0 troll leather armour (worn)
 J - a +2 pair of boots (worn)
 R - a +2 cloak (worn)
 V - a +0 helmet (worn)
Jewellery
 e - an amulet of reflection (around neck)
 g - an amulet of guardian spirit
 r - a ring of protection from fire
 w - a ring of wizardry (left claw)
 x - a ring of positive energy
 K - a +5 ring of evasion (right claw)
Wands
 v - a wand of digging (7)
 A - a wand of mindburst (28)
 B - a wand of iceblast (19)
 N - a wand of paralysis (23)
 O - a wand of polymorph (8)
 W - a wand of flame (18)
Scrolls
 a - 2 scrolls of fear
 f - 4 scrolls of poison
 i - 3 scrolls of revelation
 m - 9 scrolls of teleportation
 o - 3 scrolls of butterflies
 p - 3 scrolls of blinking
 C - a scroll of fog {unknown}
 F - a scroll of immolation {unknown}
 I - 5 scrolls of enchant armour
 M - a scroll of silence {unknown}
 Q - 2 scrolls of enchant weapon {unknown}
 U - a scroll of torment {unknown}
 Z - a scroll of amnesia {unknown}
Potions
 b - a potion of magic
 c - 4 potions of haste
 d - a potion of cancellation {unknown}
 h - 4 potions of might
 k - 3 potions of enlightenment
 l - 9 potions of curing
 n - 2 potions of brilliance
 q - a potion of resistance {unknown}
 s - 3 potions of heal wounds
 t - 2 potions of attraction
 z - 3 potions of invisibility
 D - 4 potions of ambrosia
 E - 4 potions of lignification
 T - a potion of berserk rage {unknown}


   Skills:
 - Level 13.5 Fighting
 + Level 2.8 Short Blades
 - Level 7.1 Armour
 - Level 10.0 Dodging
 - Level 2.0 Stealth
 + Level 2.6 Shields
 + Level 12.6 Spellcasting
 + Level 15.3 Necromancy
 - Level 8.0 Evocations


You had 8 spell levels left.
You knew the following spells:

 Your Spells              Type           Power      Damage    Failure   Level
a - Necrotise             Necr           100%       1d9       0%          1
b - Vampiric Draining     Necr           77%        2d11      1%          3
c - Animate Dead          Necr           77%        N/A       1%          4
d - Curse of Agony        Necr           77%        N/A       1%          5
e - Dispel Undead         Necr           77%        3d25      1%          4
f - Borgnjor's Vile Clut  Necr/Erth      27%        N/A       1%          5
g - Anguish               Hex/Necr       27%        N/A       1%          4
h - Martyr's Knell        Necr/Summ      54%        N/A       1%          4

Your spell library contained the following spells:

 Spells                   Type           Power      Damage    Failure   Level
 Apportation              Tloc           32%        N/A       1%          1
 Foxfire                  Conj/Fire      64%        2x1d7     1%          1
 Kiss of Death            Conj/Necr      100%       2d13      1%          1
 Slow                     Hex            64%        N/A       1%          1
 Sting                    Conj/Alch      64%        1d7       1%          1
 Cigotuvi's Dreadful Rot  Necr/Alch/Air  84%        N/A       1%          2
 Ensorcelled Hibernation  Hex/Ice        32%        N/A       1%          2
 Jinxbite                 Hex            32%        N/A       1%          2
 Lesser Beckoning         Tloc           32%        N/A       1%          2
 Mercury Vapours          Alch/Air       32%        N/A       1%          2
 Fugue of the Fallen      Necr           77%        N/A       1%          3
 Confusing Touch          Hex            16%        N/A       4%          3
 Gell's Gravitas          Tloc           16%        N/A       4%          3
 Hailstorm                Conj/Ice       16%        3d6       4%          3
 Passwall                 Erth           16%        N/A       4%          3
 Sigil of Binding         Hex            16%        N/A       4%          3
 Summon Ice Beast         Ice/Summ       16%        N/A       4%          3
 Swiftness                Air            16%        N/A       4%          3
 Teleport Other           Tloc           16%        N/A       4%          3
 Cause Fear               Hex            8%         N/A       12%         4
 Olgreb's Toxic Radiance  Alch           16%        N/A       12%         4
 Alistair's Intoxication  Alch           10%        N/A       30%         5
 Summon Forest            Summ/Tloc      8%         N/A       30%         5
 Yara's Violent Unravell  Hex/Alch       8%         3d5       30%         5
 Eringya's Noxious Bog    Alch           8%         4d6       83%         6
 Plasma Beam              Fire/Air       8%         2x1d18    83%         6
 Sculpt Simulacrum        Ice/Alch       8%         N/A       83%         6
 Starburst                Conj/Fire      8%         6d4       83%         6
 Enfeeble                 Hex            8%         N/A       100%        7
 Ozocubu's Refrigeration  Ice            8%         4d9       100%        7
 Summon Hydra             Summ           8%         N/A       100%        7
 Discord                  Hex            8%         N/A       100%        8


Dungeon Overview and Level Annotations

Branches:
Dungeon (14/15) Temple (1/1) D:5 Lair (5/5) D:11 Swamp (0/4) Lair:2 Spider (0/4) Lair:2 Slime (0/5) Lair:5 Orc (0/2) D:9 Vaults (0/5) D:13 D:14 Ossuary (visited) Bailey (visited)

Altars:
Ashenzari
Cheibriados
Dithmenos
Fedhas
Gozag
Hepliaklqana
Kikubaaqudgha
Makhleb
Nemelex Xobeh
Okawaru
Qazlal
Ru
Sif Muna
Trog
Uskayaw
Vehumet
Wu Jian
Xom
Yredelemnul

Shops:
D:4 :?*(?   D:5 *   D:13 (

Annotations:
D:9 4 transporters
D:14 Lodul, Nessos, Urug


Innate Abilities, Weirdness & Mutations

You have claws for hands.
A weak demonic guardian rushes to your aid.
Your demonic aura often causes spilled blood to erupt in flames.
You have an absolutely massive brain. (Int +6, Wiz)


Message History

Zombie hands grab the meliai.
The meliai is unaffected.
The zombie hands constrict the meliai!
You kill the meliai!
Kikubaaqudgha accepts your kill.
The zombie hands constrict the meliai!
The zombie hands constrict the meliai.
The meliai struggles to escape constriction.
The meliai escapes!
The meliai struggles to escape constriction.
The zombie hands constrict the meliai.
The meliai escapes!
You hit the meliai simulacrum.
The meliai simulacrum is moderately damaged.
Your shadow imp closely misses the meliai.
The meliai simulacrum hits you! The meliai simulacrum freezes you!
The meliai simulacrum hits you.
* * * LOW HITPOINT WARNING * * *
The meliai simulacrum freezes you!
* * * LOW HITPOINT WARNING * * *
Casting: Borgnjor's Vile Clutch (dangerous; 1% risk of failure)
Confirm with . or Enter, or press ? or * to list all spells.
Aiming: Borgnjor's Vile Clutch (dangerous; 1% risk of failure)
Press: ? - help, Shift-Dir - straight line, f/p - meliai
Aim: a meliai, wielding a +0 war axe and wearing a +0 robe (moderately wounded, ally target, 100% to hit)
Zombie hands grab the meliai.
Your demonic guardian avoids your attack.
The zombie hands constrict the meliai.
The meliai escapes!
The meliai simulacrum completely misses you.
The meliai simulacrum hits you but does no damage.
The meliai closely misses you. The meliai misses your shadow imp.
The meliai stings you!
* * * LOW HITPOINT WARNING * * *
The meliai completely misses you. The meliai stings you.
* * * LOW HITPOINT WARNING * * *
You are lethally poisoned!
The meliai poisons you!
The meliai simulacrum barely misses you.
The meliai simulacrum hits you.
* * * LOW HITPOINT WARNING * * *
The meliai simulacrum freezes you!
You die...
Kikubaaqudgha rasps: "You have failed me!
Welcome... death!"

................
....$......$.....
..................
..................
..................
###....∩<.......#.
.......<>.........
##......Z........
#.......@y..###
#'......y.5.#
....$...?..$.#
.............#
.........###...
##+###'#+# ....
... ...... ....
...$. .. .....


You could see 2 meliai, a meliai simulacrum and a friendly shadow imp
(summoned).

Vanquished Creatures
  An azure jelly (Lair:4)
  Harold (Lair:1)
  3 hydras (Lair:5)
  4 centaur warriors (D:13)
  2 two-headed ogres
  Nergalle (D:11)
  4 skeletal warriors (D:11)
  2 skysharks (Lair:5)
  Amaemon (Lair:2)
  A pharaoh ant (Lair:2)
  A lindwurm (Lair:5)
  A bog body (Lair:2)
  An orc knight (D:7)
  A manticore (D:12)
  3 cyclopes
  Maurice (D:6)
  A meliai (D:14)
  7 elephants
  8 black mambas
  A centaur zombie (D:12)
  An orange demon (Lair:3)
  A molten gargoyle (Lair:5)
  A torpor snail (Lair:5)
  4 rime drakes
  2 kobold demonologists
  2 unseen horrors
  Maggie (Lair:2)
  15 komodo dragons
  13 cane toads
  Jeremiah (D:7)
  A polar bear (Lair:5)
  4 trolls
  A hydra zombie (Lair:5)
  Grinder (D:6)
  16 blink frogs
  A meliai zombie (D:12)
  48 yaks
  A shadow (D:11)
  13 humans
  3 basilisks
  6 wyverns
  3 steam dragons
  A redback (Lair:2)
  A hell hound (Lair:5)
  An acid dragon (D:12)
  2 cane toad zombies
  14 water moccasins
  Duvessa (D:5)
  7 ice beasts
  2 sky beasts
  A hornet zombie (D:5)
  3 blink frog zombies
  14 orc warriors
  4 black bears
  2 ogres
  18 wolves
  4 centaurs
  A phantom (D:7)
  7 kobold brigands
  2 elf zombies (Ossuary)
  17 bullfrogs
  A gnoll sergeant (D:9)
  A komodo dragon zombie (Lair:4)
  A wyvern zombie (D:5)
  3 necrophages (D:5)
  5 scorpions
  5 water moccasin zombies
  A burial acolyte (Ossuary)
  9 wights
  A polar bear zombie (Lair:5)
  Dowan (D:5)
  6 yak zombies
  21 killer bees
  6 electric eels
  6 howler monkeys
  5 lava snakes
  2 hounds
  A bullfrog zombie (Lair:2)
  6 human zombies
  8 jellies
  2 gnoll boudas
  Crazy Yiuf (D:7)
  10 orc priests
  3 iguanas
  2 sleepcaps
  14 orc wizards
  A scorpion zombie (D:5)
  2 crocodile zombies (Ossuary)
  4 hound zombies
  3 mummies (Ossuary)
  24 gnolls
  An orc zombie (Bailey)
  8 adders
  2 shadow imps (D:5)
  2 white imps
  4 ufetubi (D:5)
  7 adder zombies
  2 ribbon worms
  2 dart slugs
  43 orcs
  12 ball pythons
  7 bats
  5 endoplasms
  3 giant cockroaches
  18 goblins
  12 hobgoblins
  9 jackals
  24 kobolds
  3 quokkas
  2 ball python zombies (Ossuary)
  A frilled lizard (D:2)
  2 gnoll zombies (Ossuary)
  A goblin zombie (D:5)
  A hobgoblin zombie (D:5)
  6 jackal zombies (Ossuary)
  2 kobold zombies (Ossuary)
  A rat (D:1)
621 creatures vanquished.

Vanquished Creatures (collateral kills)
  A fire dragon (Lair:5)
  3 hydras
  Sonja (Lair:2)
  A bog body (Lair:2)
  2 black mambas
  An elephant (Lair:5)
  2 cane toads
  2 gargoyles
  A molten gargoyle (Lair:5)
  3 komodo dragons
  A polar bear (Lair:5)
  3 blink frogs
  2 slime creatures (Lair:4)
  A wyvern (Lair:2)
  A basilisk (Lair:5)
  5 yaks
  5 water moccasins
  3 hell hounds (Lair:5)
  A centaur (D:13)
  A scorpion (Lair:2)
  A bullfrog (Lair:3)
  3 wights (D:7)
  2 electric eels
  A lava snake (Lair:5)
  4 jellies
  A hound (D:4)
  An iguana (D:5)
  A mummy (D:5)
  2 gnolls
  5 orcs
  An endoplasm (D:4)
  3 goblins (Bailey)
  A jackal (D:2)
  A kobold (D:3)
67 creatures vanquished.

Vanquished Creatures (others)
  A hydra zombie (Lair:5)
  A human (D:13)
  2 cane toad zombies
  A blink frog zombie (Lair:4)
  A torpor snail zombie (Lair:5)
  4 komodo dragon zombies
  2 wyvern zombies (Lair:5)
  A yak zombie (Lair:5)
  A basilisk zombie (Lair:5)
  6 orc zombies (Bailey)
  3 lava snake zombies (Lair:5)
  A gnoll zombie (Bailey)
  7 goblin zombies (Bailey)
  A hobgoblin zombie (Bailey)
32 creatures vanquished.

Grand Total: 720 creatures vanquished

Notes
Turn   | Place    | Note
-------+----------+-------------------------------------------
     0 | D:1      | PaiMei the Demonspawn Necromancer began the quest for the
                  | Orb.
     0 | D:1      | Reached XP level 1. HP: 13/13 MP: 3/3
   485 | D:1      | Gained mutation: You have an unusually large brain. (Int
                  | +2) [demonic ancestry]
   485 | D:1      | Reached XP level 2. HP: 19/19 MP: 1/5
  1023 | D:2      | Gained mutation: You have an extremely huge brain. (Int +4)
                  | [demonic ancestry]
  1023 | D:2      | Reached XP level 3. HP: 23/25 MP: 0/6
  1261 | D:2      | Found a shadowy altar of Dithmenos.
  1535 | D:3      | Reached skill level 1 in Fighting
  1716 | D:3      | Found a faded altar of an unknown god.
  1838 | D:3      | Found a burning altar of Makhleb.
  1838 | D:3      | Noticed an Executioner
  2052 | D:3      | Gained mutation: You have an absolutely massive brain. (Int
                  | +6, Wiz) [demonic ancestry]
  2052 | D:3      | Reached XP level 4. HP: 32/32 MP: 4/7
  2056 | D:3      | Noticed a kobold brigand
  2077 | D:3      | Killed a kobold brigand
  2078 | D:3      | Reached skill level 5 in Necromancy
  2078 | D:3      | Gained mutation: Your demonic aura sometimes causes spilled
                  | blood to erupt in flames. [demonic ancestry]
  2078 | D:3      | Reached XP level 5. HP: 4/38 MP: 0/9
  2318 | D:3      | Learned a level 3 spell: Vampiric Draining
  2323 | D:3      | Learned a level 4 spell: Animate Dead
  2977 | D:4      | Noticed a black bear
  2987 | D:4      | Killed a black bear
  2988 | D:4      | Gained mutation: Your demonic aura often causes spilled
                  | blood to erupt in flames. [demonic ancestry]
  2988 | D:4      | Reached XP level 6. HP: 41/46 MP: 1/11
  3209 | D:4      | Found Kin Ceco's Book Shop.
  3612 | D:4      | Found Qeblu's Magic Scroll Emporium.
  3754 | D:4      | Found Qucudush's Antique Weapon Shoppe.
  3759 | D:4      | Bought a scroll of teleportation for 39 gold pieces
  3759 | D:4      | Bought a scroll of blinking for 97 gold pieces
  3855 | D:4      | Found Nivux's Assorted Antiques.
  4047 | D:4      | Found Ywnuhaci's Magic Scroll Shoppe.
  4388 | D:5      | Entered Level 5 of the Dungeon
  4415 | D:5      | Found a staircase to the Ecumenical Temple.
  4427 | Temple   | Entered the Ecumenical Temple
  4471 | D:5      | Reached skill level 6 in Necromancy
  4471 | D:5      | Gained mutation: A weak demonic guardian rushes to your
                  | aid. [demonic ancestry]
  4471 | D:5      | Reached XP level 7. HP: 52/52 MP: 5/12
  4543 | D:5      | Found a sand-covered staircase.
  4629 | Ossuary  | Entered an ossuary
  6458 | Ossuary  | Reached XP level 8. HP: 60/60 MP: 11/14
  6983 | D:5      | Reached skill level 7 in Necromancy
  6983 | D:5      | Noticed Duvessa
  7001 | D:5      | Killed Duvessa
  7002 | D:5      | Reached skill level 5 in Dodging
  7002 | D:5      | Reached skill level 5 in Spellcasting
  7009 | D:5      | Noticed Dowan
  7033 | D:5      | Killed Dowan
  7355 | D:5      | Reached skill level 5 in Fighting
  7400 | D:5      | HP: 3/62 [kobold brigand/+0 short sword (4)]
  8096 | D:5      | Reached XP level 9. HP: 68/68 MP: 11/17
  8569 | D:5      | Reached skill level 8 in Necromancy
  8732 | D:5      | Found Cuuluo's Assorted Antiques.
  9839 | D:5      | Found an ancient bone altar of Kikubaaqudgha.
  9872 | D:5      | Became a worshipper of Kikubaaqudgha
 10579 | D:6      | Paralysed by a kobold brigand for 4 turns
 11409 | D:6      | Found an opulent altar of Gozag.
 11574 | D:6      | Found a stormy altar of Qazlal.
 11624 | D:6      | Reached skill level 9 in Necromancy
 11783 | D:6      | Noticed Grinder
 11795 | D:6      | Paralysed by Grinder for 5 turns
 11802 | D:6      | Paralysed by Grinder for 3 turns
 11830 | D:6      | Paralysed by Grinder for 4 turns
 11836 | D:6      | Killed Grinder
 12160 | D:6      | Found a snail-covered altar of Cheibriados.
 12216 | D:7      | Noticed Maurice
 12229 | D:6      | Something stole a ring of positive energy
 12232 | D:6      | Something stole 14 poisoned darts
 12233 | D:6      | Something stole a +1 vampiric spear
 12234 | D:6      | Something stole 191 gold
 12238 | D:6      | Something stole 75 gold
 12592 | D:6      | Killed Maurice
 12593 | D:6      | Gained mutation: You have sharp fingernails. [demonic
                  | ancestry]
 12593 | D:6      | Reached XP level 10. HP: 61/81 MP: 2/20
 12708 | D:7      | Found a flagged portal.
 12729 | Bailey   | Entered a bailey
 12983 | Bailey   | Reached * piety under Kikubaaqudgha
 12983 | Bailey   | Received a gift from Kikubaaqudgha
 14004 | Bailey   | Noticed an orc warlord
 14030 | Bailey   | Noticed an orc knight
 14044 | D:7      | HP: 3/82 [orc knight/+0 war axe (7)]
 14053 | D:7      | HP: 1/82 [orc knight/+0 war axe (16)]
 14054 | D:7      | Killed an orc knight
 14576 | D:7      | Reached ** piety under Kikubaaqudgha
 15070 | D:7      | Noticed Jeremiah
 15103 | D:7      | Killed Jeremiah
 15104 | D:7      | Reached skill level 10 in Necromancy
 15553 | D:7      | Reached skill level 10 in Fighting
 16343 | D:7      | Found an iron altar of Okawaru.
 16652 | D:7      | Identified the +0 hammer "Posoan" {speed, rPois rC+ Str+2
                  | Stlth+}
 16655 | D:7      | Found a runed translucent door.
 16656 | D:7      | Noticed Crazy Yiuf
 16663 | D:7      | Killed Crazy Yiuf
 16831 | D:7      | Learned a level 5 spell: Curse of Agony
 16863 | D:8      | Found a shimmering blue altar of Sif Muna.
 17486 | D:8      | Reached XP level 11. HP: 86/86 MP: 13/23
 18326 | D:9      | Found a broken altar of Ashenzari.
 18637 | D:9      | Found a shimmering altar of Xom.
 19132 | D:9      | Reached *** piety under Kikubaaqudgha
 19132 | D:9      | Received a gift from Kikubaaqudgha
 19444 | D:9      | Found a hide-covered altar of Uskayaw.
 19511 | D:9      | Found a staircase to the Orcish Mines.
 19578 | D:8      | Learned a level 4 spell: Dispel Undead
 19584 | D:8      | Learned a level 5 spell: Borgnjor's Vile Clutch
 20092 | D:9      | Found a transporter.
 20113 | D:9      | Found a transporter.
 20133 | D:9      | Found a transporter.
 20219 | D:9      | Found a transporter.
 20497 | D:9      | Learned a level 4 spell: Anguish
 20530 | D:10     | Entered Level 10 of the Dungeon
 20709 | D:9      | Reached skill level 11 in Necromancy
 22610 | D:10     | Reached **** piety under Kikubaaqudgha
 22900 | D:10     | Noticed a two-headed ogre
 22908 | D:10     | Killed a two-headed ogre
 23461 | D:11     | Found a staircase to the Lair.
 23479 | D:11     | Reached XP level 12. HP: 103/103 MP: 0/25
 23752 | D:11     | Noticed Nergalle
 23780 | D:11     | Killed Nergalle
 24620 | D:11     | Reached skill level 12 in Necromancy
 25037 | Lair:1   | Entered Level 1 of the Lair of Beasts
 25144 | Lair:1   | Reached skill level 10 in Dodging
 25341 | Lair:1   | Reached skill level 10 in Spellcasting
 25706 | Lair:1   | Reached skill level 1 in Armour
 25706 | Lair:1   | Reached skill level 1 in Evocations
 26157 | Lair:1   | Noticed Harold
 26167 | Lair:1   | Killed Harold
 26872 | Lair:2   | Found a hole to the Spider Nest.
 26918 | Lair:2   | Noticed Maggie
 26925 | Lair:2   | Killed Maggie
 26932 | Lair:2   | Gained mutation: You have very sharp fingernails. [demonic
                  | ancestry]
 26932 | Lair:2   | Reached XP level 13. HP: 88/111 MP: 1/27
 26933 | Lair:2   | Reached skill level 13 in Necromancy
 26936 | Lair:2   | Reached ***** piety under Kikubaaqudgha
 27660 | Lair:2   | Noticed Sonja
 27666 | Lair:2   | Killed Sonja
 28171 | Lair:2   | Found a staircase to the Swamp.
 28454 | Lair:3   | Learned a level 4 spell: Martyr's Knell
 28474 | Lair:3   | Noticed Amaemon
 28888 | Lair:2   | Killed Amaemon
 30018 | Lair:3   | Reached skill level 5 in Evocations
 30765 | Lair:3   | You fall into a shaft and drop 2 floors!
 30765 | Lair:5   | Entered Level 5 of the Lair of Beasts
 30782 | Lair:4   | Reached skill level 5 in Armour
 31030 | Lair:4   | Noticed an azure jelly
 31039 | Lair:4   | Killed an azure jelly
 31307 | Lair:4   | Identified the +8 short sword "Bycwilui" {freeze, SInv}
 31319 | Lair:4   | Reached skill level 14 in Necromancy
 32561 | Lair:5   | Gained mutation: You have claws for hands. [demonic
                  | ancestry]
 32561 | Lair:5   | Reached XP level 14. HP: 118/118 MP: 29/29
 33585 | Lair:5   | Found a staircase to the Slime Pits.
 34035 | Lair:5   | Found a large runed translucent door.
 34038 | Lair:5   | Found a large runed translucent door.
 36234 | D:12     | Reached skill level 1 in Short Blades
 36354 | D:12     | Reached skill level 15 in Necromancy
 36399 | D:12     | Reached skill level 1 in Shields
 36667 | D:12     | Found a basalt altar of Yredelemnul.
 36832 | D:13     | Reached ****** piety under Kikubaaqudgha
 36903 | D:13     | Found Nuguytol's Weapon Shop.
 37985 | D:14     | Noticed Nessos
 37985 | D:14     | Noticed Lodul
 37985 | D:14     | Noticed Urug
 37985 | D:14     | Found a gate to the Vaults.
 38826 | D:14     | HP: 3/118 [meliai simulacrum (3)]
 38826 | D:14     | Mangled by a meliai simulacrum

Illustrated notes

Levels and vault maps discovered:
D:1:      heliophobic_arrival_battle_scene, layout_basic
D:2:      layout_rooms, basic_altar
D:3:      cheibrodos_thug_alley, layout_loops_ring, makhleb_altar_promises_db,
          shapermc_ecumenical_altar_pompeii
D:4:      layout_basic, serial_shops, shop, shop, shop,
          nicolae_shop_advertising_works [nicolae_subvault_shop_adworks],
          nicolae_shop_just_a_little_nook, nrook_mini_vaults, dk_noncrumbling_4,
          kennysheep_generic_room_10
D:5:      cheibrodos_barr_body, layout_layer_cave,
          lemuel_mausoleum_altar_kikubaaqudgha, minmay_temple_entry_nine_rooms,
          nicolae_ossuary_entry_giza, serial_shops,
          nicolae_shop_real_fake_doors, minmay_manual_mandibuliform,
          uniq_duvessa
D:6:      layout_rooms, old_standard_altar, mainiacjoe_overflow_alcove_1,
          slow_altar_2, uniq_grinder
D:7:      layout_basic, kennysheep_okawaru_gauntlet, enter_bailey_5,
          uniq_jeremiah, uniq_maurice, uniq_crazy_yiuf_cottage
D:8:      layout_rooms, tso_altar, led_sif_book, kennysheep_cluttered_room,
          kennysheep_diamond
D:9:      layout_cave_pods, mainiacjoe_overflow_cross_hatched,
          nicolae_uskayaw_suspiria, ashenzari_altar_1, hiddenorc1_lemuel,
          nicolae_transporter_intersection
D:10:     layout_rooms
D:11:     layout_basic, hellmonk_lair_entry_icy, uniq_nergalle
D:12:     layout_cave_pools, lemuel_zombie_altar_yredelemnul
D:13:     layout_long_grid, serial_shops, shop,
          eino_small_chamber_without_monster
D:14:     layout_basic, david_vaults_3, lemuel_doored_altar,
          gammafunk_ghost_grave, hangedman_fish_farm
Temple:   minmay_temple_curvy_loop
Lair:1:   layout_small_grid, basic_altar, patterned_corridor, uniq_harold
Lair:2:   layout_big_grid, nicolae_swamp_entry_splash_gauntlet,
          nicolae_spider_entry_lesser_pyramids, serial_bayou_shore_b,
          lemuel_fruit_tree, uniq_sonja, uniq_maggie
Lair:3:   layout_cave_pods, serial_bayou_pond_b, lemuel_fruit_fields,
          grunt_megastairs_3, serial_bayou_shore_a, uniq_amaemon
Lair:4:   layout_regular_city, nicolae_quartered_pool_super,
          nicolae_lair_time_for_slime
Lair:5:   cheibrodos_lair_end_hotspot, layout_misc_corridors, slime_entry_2,
          serial_bayou_pond_d, st_stairs_3, gammafunk_lair_bear_cave,
          infiniplex_staircase_pool_2

Skill      XL: |  1  2  3  4  5  6  7  8  9 10 11 12 13 14 |
---------------+-------------------------------------------+-----
Dodging        | 2 3 4 5 7 8 9 10 | 10.0
Stealth        | 2 |  2.0
Fighting       | 1 2 3 4 5 8 10 12 13 | 13.5
Necromancy     | 5 6 7 9 10 11 12 14 15 | 15.3
Spellcasting   | 3 4 5 7 8 9 10 11 12 | 12.6
Armour         | 3 5 7 |  7.1
Evocations     | 3 6 8 |  8.0
Short Blades   | 2 |  2.8
Shields        | 2 |  2.6

Action                     |  1- 3 |  4- 6 |  7- 9 | 10-12 | 13-15 || total
---------------------------+-------+-------+-------+-------+-------++-------
  Melee: Short sword       |    14 |    14 |       |       |   119 ||   147
         Unarmed           |     4 |       |       |       |       ||     4
         Dagger            |       |    27 |   827 |   320 |       ||  1174
         Punch             |       |       |    17 |     7 |     3 ||    27
         Mace              |       |       |       |   316 |       ||   316
         Trident           |       |       |       |    42 |   210 ||   252
   Cast: Necrotise         |    69 |    77 |    85 |   242 |    74 ||   547
         Vampiric Draining |       |     7 |    71 |   274 |   174 ||   526
         Animate Dead      |       |       |     1 |     7 |     9 ||    17
         Dispel Undead     |       |       |       |    16 |     2 ||    18
         Borgnjor's Vile C |       |       |       |     2 |    41 ||    43
         Curse of Agony    |       |       |       |     4 |    20 ||    24
         Anguish           |       |       |       |       |     3 ||     3
  Evoke: Wand              |       |       |     8 |       |       ||     8
    Use: Potion            |       |       |     1 |       |     1 ||     2
         Scroll            |       |       |       |    11 |     8 ||    19
   Stab: Sleeping          |       |       |     7 |       |     1 ||     8
         Distracted        |       |       |     1 |     2 |     2 ||     5
 Armour: Robe              |    22 |    49 |   170 |       |       ||   241
         Steam dragon scal |       |       |   255 |   679 |   440 ||  1374
         Troll leather arm |       |       |       |       |   110 ||   110
  Dodge: Dodged            |    21 |    54 |   431 |   690 |   799 ||  1995
  Block: Other             |     4 |    22 |   154 |   226 |   192 ||   598
         Reflection        |       |       |     1 |     4 |     7 ||    12
